 Dungeon Crawl Stone Soup version 0.29-a0-184-g2ef5e920f0 (webtiles) character file.

Game seed: 12355977570249035661

179908 Ordine the Bludgeoner (level 18, -12/106 HPs)
             Began as a Gargoyle Fighter on Feb 21, 2022.
             Was the Champion of Okawaru.
             Killed from afar by a thorn hunter (40 damage)
             ... with a volley of thorns
             ... on level 1 of the Swamp.
             The game lasted 01:49:52 (31552 turns).

Ordine the Bludgeoner (Gargoyle Fighter)           Turns: 31552, Time: 01:49:53

Health: -12/106    AC: 37    Str: 29    XL:     18   Next: 25%
Magic:  0/27       EV:  9    Int: 12    God:    Okawaru [******]
Gold:   425        SH: 10    Dex:  7    Spells: 17/17 levels left

rFire   + . .      SeeInvis .   x - +8 demon whip "Igiuhato" {vamp, rN+}
rCold   + . .      Faith    .   b - +3 warlock's mirror {reflect}
rNeg    + + +      Spirit   +   l - +1 chain mail "Raco" {Will+ rCorr Int+4}
rPois   ∞          Reflect  +   L - +1 helmet
rElec   +          Harm     .   I - +1 cloak {rCorr}
rCorr   +          Rampage  +   R - +0 pair of gloves of Jigsaw {Rampage Will+}
Will    +++..      Clarity  +   U - +1 pair of boots {rampage}
Stlth   ..........              f - amulet "Meupla" {Spirit rN+}
HPRegen 0.27/turn               Y - +4 ring of slaying
MPRegen 0.20/turn               B - ring of protection from fire

@: flying, studying Maces & Flails
A: sickness immunity, AC +13, big wings, negative energy resistance 1,
electricity resistance, torment resistance 1, petrification resistance, clarity,
clumsy 1, cold resistance 1, frail 1, MP-powered wands
a: Renounce Religion, Heroism, Finesse, Duel


You were on level 1 of the Swamp.
You worshipped Okawaru.
Okawaru was exalted by your worship.
You visited 5 branches of the dungeon, and saw 25 of its levels.
You also visited: Ossuary.

You collected 2838 gold pieces.
You spent 2413 gold pieces at shops.

Inventory:

Hand Weapons
 x - the +8 demon whip "Igiuhato" (weapon) {vamp, rN+}
   (Okawaru gifted it to you on level 2 of the Orcish Mines)

   It occasionally heals its wielder for a portion of the damage dealt when it
   wounds a living foe.
   rN:        It protects you from negative energy.
 y - a +9 vorpal eveningstar
Armour
 b - the +3 warlock's mirror (worn) {reflect}
   (You acquired it on level 2 of the Orcish Mines)

   It can block and reflect piercing ranged attacks and magical attacks against
   the wielder's willpower.
 l - the +1 chain mail "Raco" (worn) {Will+ rCorr Int+4}
   (Okawaru gifted it to you on level 1 of the Orcish Mines)

   Int:       It affects your intelligence (+4).
   rCorr:     It protects you from acid and corrosion.
   Will:      It increases your willpower.
 F - a +1 plate armour of cold resistance
 I - a +1 cloak of preservation (worn)
 L - a +1 helmet (worn)
 R - the +0 pair of gloves of Jigsaw (worn) {Rampage Will+}
   (Okawaru gifted it to you on level 1 of the Lair of Beasts)

   Rampage:   It bestows one free step when moving towards enemies.
   Will:      It increases your willpower.
 U - a +1 pair of boots of rampaging (worn)
Jewellery
 a - an amulet of reflection
 f - the amulet "Meupla" (around neck) {Spirit rN+}
   (You found it on level 6 of the Lair of Beasts)

   [amulet of guardian spirit]

   It causes incoming damage to be divided between your reserves of health and
   magic.
   rN:        It protects you from negative energy.
 i - an amulet of regeneration
 B - a ring of protection from fire (right hand)
 N - a ring of resist corrosion
 Y - a +4 ring of slaying (left hand)
Wands
 c - a wand of flame (28)
 p - a wand of acid (4)
 w - a wand of paralysis (6)
 J - a wand of iceblast (24)
 P - a wand of digging (12)
 Q - a wand of polymorph (8)
 T - a wand of mindburst (10)
Scrolls
 g - 16 scrolls of teleportation
 j - 3 scrolls of blinking
 k - 4 scrolls of amnesia
 m - 3 scrolls of vulnerability
 o - 4 scrolls of magic mapping
 C - 4 scrolls of fog
 E - 2 scrolls of immolation
 G - 2 scrolls of torment
 H - a scroll of brand weapon
 K - a scroll of holy word
 O - 2 scrolls of silence
 V - 3 scrolls of enchant armour
 W - 3 scrolls of summoning
Potions
 d - 2 potions of might
 e - a potion of berserk rage
 h - 2 potions of brilliance
 n - 3 potions of haste
 q - 13 potions of curing
 r - 12 potions of attraction
 s - 3 potions of heal wounds
 t - 8 potions of magic
 v - 5 potions of cancellation
 z - a potion of invisibility
 D - 4 potions of lignification
 M - 2 potions of resistance
 X - a potion of mutation
Miscellaneous
 u - a tin of tremorstones (2/2)


   Skills:
 + Level 14.9 Fighting
 - Level 16.0 Maces & Flails
 + Level 14.9 Armour
 + Level 15.3 Shields
 * Level 12.9 Invocations
 + Level 8.4 Evocations


You had 17 spell levels left.
You didn't know any spells.
Your spell library contained the following spells:

 Spells                   Type           Power      Damage    Failure   Level
 Apportation              Tloc           0%         N/A       77%         1
 Freeze                   Ice            0%         1d3       77%         1
 Pain                     Necr           0%         1d4       77%         1
 Ensorcelled Hibernation  Hex/Ice        0%         N/A       88%         2
 Passwall                 Tmut/Erth      0%         N/A       88%         2
 Confusing Touch          Hex            0%         N/A       98%         3
 Frozen Ramparts          Ice            0%         1d2       98%         3
 Gell's Gravitas          Tloc           0%         N/A       98%         3
 Lesser Beckoning         Tloc           0%         N/A       98%         3
 Ozocubu's Armour         Ice            0%         N/A       98%         3
 Stone Arrow              Conj/Erth      0%         3d7       98%         3
 Swiftness                Air            0%         N/A       98%         3
 Teleport Other           Tloc           0%         N/A       98%         3
 Vampiric Draining        Necr           0%         2d6       98%         3
 Hailstorm                Conj/Ice       0%         3d3       100%        4
 Ice Form                 Ice/Tmut       0%         N/A       100%        4
 Petrify                  Tmut/Erth      0%         N/A       100%        4
 Agony                    Necr           0%         N/A       100%        5
 Alistair's Intoxication  Tmut/Pois      0%         N/A       100%        5
 Excruciating Wounds      Necr           0%         N/A       100%        5
 Fireball                 Conj/Fire      0%         3d3       100%        5
 Irradiate                Conj/Tmut      0%         3d13      100%        5
 Iskenderun's Battlesphe  Conj           0%         2d6       100%        5
 Metabolic Englaciation   Hex/Ice        0%         N/A       100%        5
 Yara's Violent Unravell  Hex/Tmut       0%         3d3       100%        5
 Conjure Ball Lightning   Conj/Air       0%         3x3d6     100%        6
 Enfeeble                 Hex            0%         N/A       100%        7
 Orb of Destruction       Conj           0%         9d5       100%        7
 Ozocubu's Refrigeration  Ice            0%         4d5       100%        7
 Discord                  Hex            0%         N/A       100%        8
 Disjunction              Tloc           0%         N/A       100%        8
 Lehudib's Crystal Spear  Conj/Erth      0%         10d2      100%        8
 Animate Skeleton         Necr           Unusable   N/A       N/A         1
 Summon Small Mammal      Summ           Unusable   N/A       N/A         1
 Sublimation of Blood     Necr           Unusable   N/A       N/A         2
 Call Canine Familiar     Summ           Unusable   N/A       N/A         3
 Summon Guardian Golem    Hex/Summ       Unusable   N/A       N/A         3
 Animate Armour           Summ/Erth      Unusable   N/A       N/A         4
 Summon Ice Beast         Ice/Summ       Unusable   N/A       N/A         4
 Simulacrum               Ice/Necr       Unusable   N/A       N/A         6

Dungeon Overview and Level Annotations

Branches:
Dungeon (15/15)            Temple (1/1) D:7            Lair (6/6) D:9
  Swamp (1/4) Lair:2       Spider (0/4) Lair:3        Slime (0/5) Lair:6
    Orc (2/2) D:12            Elf (0/3) Orc:2        Vaults (0/5) D:13
 Depths (0/4) D:15        Ossuary (visited)

Altars:
Ashenzari
Cheibriados
Dithmenos
Elyvilon
Fedhas
Gozag
Hepliaklqana
Kikubaaqudgha
Makhleb
Nemelex Xobeh
Okawaru
Qazlal
Ru
Sif Muna
Trog
Uskayaw
Vehumet
Wu Jian
Xom
Yredelemnul
Zin
The Shining One
Jiyva

Shops:
D:3 *   D:7 *   D:8 !   D:11 =   Orc:2 ?*==


Innate Abilities, Weirdness & Mutations

You are immune to sickness and miasma.
Your stone body is resilient. (AC +13)
You are immune to poison.
Your large and strong wings let you fly.
You resist negative energy. (rN+)
You are resistant to electric shocks. (rElec)
You are resistant to unholy torment.
You are immune to petrification.
You possess an exceptional clarity of mind.
You are clumsy. (Dex -2)
Your flesh is cold resistant. (rC+)
You are frail. (-10% HP)
You expend magic power (3 MP) to strengthen your wands.


Message History

The eleionoma is severely wounded.
The thorn hunter fires a volley of thorns at you.
The volley of thorns hits you!
* * * LOW HITPOINT WARNING * * *
The eleionoma touches a tree and draws upon its vitality.
The eleionoma is healed.
The will-o-the-wisp gestures.
The will-o-the-wisp conjures some foxfire! 2 foxfires come into view.
The foxfire moves out of view.
You barely miss the eleionoma.
The eleionoma is moderately wounded.
The thorn hunter barely misses you. The thorn hunter closely misses you.
You closely miss the eleionoma.
The eleionoma is moderately wounded.
The eleionoma hits you!
* * * LOW HITPOINT WARNING * * *
The spriggan rider hits you from afar with a +0 spear!
* * * LOW HITPOINT WARNING * * *
Unknown command.
You feel much better. You block the thorn hunter's attack. x2
The eleionoma hits you but does no damage.
The spriggan rider hits you from afar with a +0 spear!
* * * LOW HITPOINT WARNING * * *
The thorn hunter gestures.
Thorny briars emerge from the ground!
Okay, then.
As you read the scroll of fear, it crumbles to dust.
You assume a fearsome visage.
The eleionoma looks frightened!
The spriggan rider looks frightened!
The thorn hunter is unaffected.
The foxfire is unaffected.
The foxfire dissipates!
The thorn hunter hits you but does no damage. x2
You whack the thorn hunter!
The thorn hunter is lightly damaged.
You hit the thorn hunter.
You feel better.
The thorn hunter is lightly damaged.
The thorn hunter fires a volley of thorns at you.
The volley of thorns hits you!!!
You die...

..♣ ..♣♣ ♣♣.$♣♣
♣♣≈≈≈.♣♣ ♣.
♣i≈≈.≈.♣♣≈≈.
♣♣.≈..≈.≈...♣
♣R≈♣.≈≈≈≈≈.≈.
♣♣.)f§<§≈≈♣.≈
♣..@♣§♣§§.....
♣.♣.♣♣vv.§≈.≈≈≈
♣≈≈♣ ♣vv.≈≈.≈≈♣
P≈≈♣ .♣≈≈≈.≈≈≈≈
♣P♣≈ ≈ .≈≈.≈≈♣≈
♣ ♣ ♣≈ ≈≈≈....♣
♣≈ ≈≈≈≈≈≈.≈


You could see a thorn hunter, an eleionoma (fleeing) and a spriggan rider
(fleeing).

Vanquished Creatures
  Rupert (Lair:5)
  The ghost of onwiheg the Tortoise, a journeyman MiFi of Okawaru (D:13)
  The ghost of SynTha the Cleaver, a journeyman MiBe of Trog (Lair:4)
  Azrael (D:13)
  The ghost of Yqyin the Fighter, a journeyman GnAK of Lugonu (Lair:5)
  4 dire elephants (Lair:6)
  A fire dragon (D:15)
  Josephine (D:13)
  An ice dragon (D:13)
  Harold (D:9)
  15 hydras
  3 catoblepae (D:13)
  4 boulder beetles
  A death knight (D:13)
  6 centaur warriors
  An anaconda (Lair:4)
  3 ogre magi
  6 two-headed ogres
  A dancing weapon (Lair:5)
  5 tengu warriors
  A vampire mage (D:15)
  15 death yaks
  3 orc high priests (Orc:2)
  A spectral death yak (Lair:6)
  4 skeletal warriors
  A spectral anaconda (Lair:6)
  A fire crab (Lair:6)
  A spriggan druid (Swamp:1)
  A deep elf archer (D:13)
  A wizard (D:13)
  10 orc knights
  5 necromancers
  2 obsidian statues
  3 deep elf pyromancers
  Pikel (D:5)
  8 orc sorcerers
  A wolf spider (Lair:3)
  7 cyclopes
  16 ugly things
  6 manticores
  A frost giant zombie (D:15)
  A moth of wrath (D:13)
  A salamander (shapeshifter) (D:12)
  An oklob plant (Lair:5)
  A dire elephant zombie (Lair:6)
  34 elephants
  A sphinx skeleton (D:15)
  Maurice (D:13)
  4 black mambas
  A torpor snail (Lair:3)
  9 cane toads
  2 gargoyles (D:10)
  8 komodo dragons
  Psyche (D:12)
  2 efreet (D:14)
  A spriggan zombie (D:15)
  3 rime drakes
  A freezing wraith (D:14)
  2 unseen horrors
  3 yaktaurs (D:13)
  2 kobold demonologists
  A guardian mummy (D:13)
  9 trolls
  A queen bee (Lair:2)
  6 meliai
  A tyrant leech (Lair:2)
  3 polar bears
  A hornet (Swamp:1)
  Grinder (D:5)
  2 meliai zombies (D:13)
  12 slime creatures
  2 spectral elephants (Lair:6)
  15 blink frogs
  9 dream sheep
  A culicivora (Lair:3)
  A spriggan (Swamp:1)
  Sigmund (D:5)
  A shadow (D:11)
  A dire elephant simulacrum (Lair:6)
  8 wraiths
  3 fire elementals (D:13)
  51 yaks
  6 basilisks
  9 wyverns
  2 redbacks
  2 steam dragons
  A hog (shapeshifter) (D:13)
  A death yak simulacrum (Lair:6)
  6 vampire mosquitoes
  A spectral cane toad (Lair:6)
  A human zombie (D:15)
  5 wargs
  2 swamp worms
  An acid dragon (D:13)
  Duvessa (D:6)
  4 hell hounds (D:13)
  10 water moccasins
  32 orc warriors
  An elephant zombie (Lair:6)
  An ice beast (D:7)
  A black bear (Lair:1)
  18 wolves
  9 centaurs
  13 ogres
  A boggart (D:12)
  An elephant skeleton (Lair:6)
  2 phantoms (D:5)
  A lemure (D:5)
  2 elf zombies (Ossuary)
  3 kobold brigands
  9 bullfrogs
  5 gnoll sergeants
  2 scorpions (D:4)
  A cane toad simulacrum (Lair:6)
  A scorpion (shapeshifter) (D:11)
  Dowan (D:6)
  2 elephant simulacra (Lair:6)
  12 wights
  52 killer bees
  An electric eel (Lair:6)
  10 howler monkeys
  4 jellies
  2 hounds
  7 centaur zombies
  20 orc priests
  A gnoll shaman (D:5)
  13 hell rats
  38 orc wizards
  A hound skeleton (D:4)
  6 mummies
  A howler monkey zombie (D:8)
  12 gnolls
  9 adders
  A white imp (D:7)
  2 adder skeletons (D:4)
  3 adder zombies (Ossuary)
  4 worms
  3 dart slugs
  88 orcs
  7 endoplasms
  4 giant cockroaches
  3 goblins
  3 hobgoblins
  3 jackals (D:3)
  6 quokkas
  6 ball pythons
  10 bats
  2 goblin zombies (Ossuary)
  12 hobgoblin zombies (Ossuary)
  11 kobolds
  3 kobold zombies (Ossuary)
  11 orc zombies (Ossuary)
  5 rats
  4 rat zombies (Ossuary)
894 creatures vanquished.

Vanquished Creatures (others)
  An orc warrior (Orc:2)
  An orc wizard (Orc:1)
  4 foxfires (Swamp:1)
  42 fungi
  43 plants
  17 withered plants
108 creatures vanquished.

Grand Total: 1002 creatures vanquished

Notes
Turn   | Place    | Note
-------+----------+-------------------------------------------
     0 | D:1      | Ordine the Gargoyle Fighter began the quest for the Orb.
     0 | D:1      | Reached XP level 1. HP: 14/14 MP: 1/1
   340 | D:1      | Reached XP level 2. HP: 14/19 MP: 2/2
  1157 | D:2      | Reached XP level 3. HP: 23/23 MP: 3/3
  1418 | D:2      | Found a shimmering altar of Xom.
  1923 | D:3      | Reached skill level 3 in Maces & Flails
  2033 | D:3      | Found Niurow's Assorted Antiques.
  2040 | D:3      | Bought a metallic yellow potion for 22 gold pieces
  2040 | D:3      | Bought a scroll labelled TIHALE JOTE for 25 gold pieces
  2088 | D:3      | Reached XP level 4. HP: 29/29 MP: 4/4
  2556 | D:3      | Reached XP level 5. HP: 33/33 MP: 5/5
  2633 | D:3      | Found a faded altar of an unknown god.
  3169 | D:4      | Reached skill level 4 in Maces & Flails
  3169 | D:4      | Reached XP level 6. HP: 16/39 MP: 6/6
  3603 | D:4      | Reached XP level 7. HP: 44/44 MP: 7/7
  3678 | D:4      | Reached skill level 5 in Maces & Flails
  4017 | D:4      | Reached skill level 5 in Fighting
  4017 | D:4      | Reached skill level 5 in Armour
  4017 | D:4      | Reached skill level 5 in Shields
  4315 | D:4      | Found a glowing silver altar of Zin.
  4315 | D:4      | Found an opulent altar of Gozag.
  4489 | D:5      | Entered Level 5 of the Dungeon
  4506 | D:5      | Noticed Pikel
  4514 | D:5      | Killed Pikel
  4515 | D:5      | Reached skill level 6 in Maces & Flails
  4515 | D:5      | Reached XP level 8. HP: 30/51 MP: 8/8
  4961 | D:5      | Noticed Grinder
  4982 | D:5      | Paralysed by Grinder for 7 turns
  4984 | D:5      | Killed Grinder
  4985 | D:5      | Reached skill level 7 in Maces & Flails
  5038 | D:5      | Noticed Sigmund
  5106 | D:5      | Killed Sigmund
  5107 | D:5      | Reached XP level 9. HP: 41/56 MP: 9/9
  6273 | D:6      | Noticed Duvessa
  6273 | D:6      | Noticed Dowan
  6345 | D:5      | Reached skill level 8 in Maces & Flails
  6476 | D:6      | Noticed a manticore
  6499 | D:6      | Killed a manticore
  6610 | D:6      | Killed Duvessa
  6627 | D:6      | Killed Dowan
  7257 | D:7      | Found a shimmering altar of Xom.
  7297 | D:7      | Found Defihoz's Gadget Gallery.
  7584 | D:7      | Found a staircase to the Ecumenical Temple.
  7592 | Temple   | Entered the Ecumenical Temple
  7783 | D:6      | Reached skill level 9 in Maces & Flails
  7872 | D:3      | Bought a thick cameo amulet for 125 gold pieces
  8166 | D:8      | Reached XP level 10. HP: 49/63 MP: 8/10
  8641 | D:8      | Found Vomoipron's Distillery.
  8660 | D:8      | Bought a potion of heal wounds for 50 gold pieces
  8660 | D:8      | Bought a potion of curing for 30 gold pieces
  8660 | D:8      | Bought a potion of resistance for 100 gold pieces
  8669 | D:8      | Found a sand-covered staircase.
  8674 | Ossuary  | Entered an ossuary
  9623 | D:9      | Noticed Harold
  9644 | D:9      | Killed Harold
  9846 | D:9      | Found an iron altar of Okawaru.
  9877 | D:9      | Reached skill level 10 in Maces & Flails
  9895 | D:9      | Became a worshipper of Warmaster Okawaru
  9996 | D:9      | Found a staircase to the Lair.
 10200 | D:9      | Found a sacrificial altar of Ru.
 10366 | D:9      | Noticed an obsidian statue
 10370 | D:9      | Noticed a sixfirhy
 10370 | D:9      | Noticed a soul eater
 10793 | D:10     | Entered Level 10 of the Dungeon
 10793 | D:10     | Noticed a deep elf pyromancer
 10962 | D:10     | Killed a deep elf pyromancer
 10962 | D:10     | Reached * piety under Okawaru
 11000 | D:10     | Reached XP level 11. HP: 58/69 MP: 9/11
 11055 | D:10     | Found a bloodstained altar of Trog.
 11395 | D:10     | Reached ** piety under Okawaru
 11396 | D:10     | Reached skill level 11 in Maces & Flails
 11751 | D:10     | Reached *** piety under Okawaru
 11982 | D:11     | Noticed a two-headed ogre
 11991 | D:11     | Killed a two-headed ogre
 12019 | D:11     | Noticed a boulder beetle
 12049 | D:11     | HP: 2/71 [boulder beetle (12)]
 12055 | D:11     | Killed a boulder beetle
 12055 | D:11     | Reached **** piety under Okawaru
 12444 | D:11     | Found Mocsod's Jewellery Emporium.
 12485 | D:11     | Reached skill level 12 in Maces & Flails
 12502 | D:11     | Noticed a centaur warrior
 12513 | D:11     | Killed a centaur warrior
 12902 | D:11     | Noticed a cyclops
 12911 | D:11     | Killed a cyclops
 12912 | D:11     | Reached XP level 12. HP: 70/77 MP: 10/12
 13175 | Lair:1   | Entered Level 1 of the Lair of Beasts
 13189 | Lair:1   | Reached skill level 10 in Fighting
 13189 | Lair:1   | Reached skill level 10 in Armour
 13189 | Lair:1   | Reached skill level 10 in Shields
 13214 | Lair:1   | Reached ***** piety under Okawaru
 13643 | Lair:1   | Noticed a four-headed hydra
 13652 | Lair:1   | Killed a four-headed hydra
 13764 | Lair:1   | Identified the +0 pair of gloves of Jigsaw {Rampage Will+}
                  | (Okawaru gifted it to you on level 1 of the Lair of Beasts)
 13764 | Lair:1   | Received a gift from Okawaru
 14143 | Lair:2   | Noticed a six-headed hydra
 14149 | Lair:2   | Killed a six-headed hydra
 14624 | Lair:1   | Reached skill level 13 in Maces & Flails
 14750 | Lair:2   | Noticed a five-headed hydra
 15079 | Lair:2   | Killed a five-headed hydra
 15180 | Lair:2   | Reached XP level 13. HP: 55/84 MP: 13/13
 15210 | Lair:2   | Received a gift from Okawaru
 15288 | Lair:2   | Reached skill level 14 in Maces & Flails
 15373 | Lair:2   | Reached skill level 1 in Invocations
 15578 | Lair:2   | Reached skill level 1 in Evocations
 15748 | Lair:2   | Found a staircase to the Swamp.
 16769 | Lair:3   | Found a hole to the Spider Nest.
 17486 | Lair:4   | Found a runed translucent gate.
 17486 | Lair:4   | Found a runed translucent gate.
 17486 | Lair:4   | Found a runed translucent gate.
 17489 | Lair:4   | Noticed SynTha's ghost (journeyman MiBe)
 17557 | Lair:4   | Reached skill level 5 in Invocations
 17560 | Lair:4   | Reached ****** piety under Okawaru
 17947 | Lair:4   | Received a gift from Okawaru
 18031 | Lair:4   | Identified the +3 great mace "Dike" {elec, rF+ rCorr}
                  | (Okawaru gifted it to you on level 4 of the Lair of Beasts)
 18031 | Lair:4   | Received a gift from Okawaru
 18158 | Lair:4   | Gained mutation: Your large and strong wings let you fly.
                  | [Gargoyle growth]
 18158 | Lair:4   | Reached XP level 14. HP: 76/92 MP: 16/18
 18567 | Lair:4   | Killed SynTha's ghost
 19033 | Lair:5   | Noticed Rupert
 19047 | Lair:5   | Killed Rupert
 19047 | Lair:5   | Received a gift from Okawaru
 19310 | Lair:5   | Found a runed translucent door.
 19310 | Lair:5   | Found a shimmering altar of Xom.
 19311 | Lair:5   | Noticed Yqyin's ghost (journeyman GnAK)
 19339 | Lair:5   | Killed Yqyin's ghost
 20020 | Lair:6   | Entered Level 6 of the Lair of Beasts
 20881 | Lair:6   | Reached skill level 5 in Evocations
 20896 | Lair:6   | Received a gift from Okawaru
 21279 | Lair:6   | Noticed a dire elephant
 21279 | Lair:6   | Noticed a dire elephant
 21609 | Lair:6   | Found a staircase to the Slime Pits.
 21609 | Lair:6   | Found a viscous altar of Jiyva.
 21642 | Lair:6   | Reached XP level 15. HP: 95/98 MP: 20/22
 22311 | Lair:6   | Reached skill level 10 in Invocations
 22472 | Lair:6   | Received a gift from Okawaru
 22585 | Lair:6   | Identified the amulet "Meupla" {Spirit rN+}
 23690 | D:9      | Identified the +6 scimitar of the Tired Brambles {flame,
                  | rCorr}
 23698 | D:9      | Identified the +11 hand axe of Qeomm {vorpal, Drain rF+++
                  | Str+4 Int-3}
 23808 | D:12     | Noticed Psyche
 23822 | D:12     | Killed Psyche
 24471 | D:12     | Identified a scroll of acquirement
 24475 | D:12     | Acquired a +2 eveningstar of protection
 24725 | D:12     | Found a staircase to the Orcish Mines.
 25146 | Orc:1    | Entered Level 1 of the Orcish Mines
 25148 | Orc:1    | Found Ohukess's Assorted Antiques.
 25155 | Orc:1    | Received a gift from Okawaru
 25396 | Orc:1    | Gained mutation: Armour fits poorly on your strangely
                  | shaped body. [a neqoxec]
 25455 | Orc:1    | Reached XP level 16. HP: 100/105 MP: 22/24
 26101 | Orc:2    | Entered Level 2 of the Orcish Mines
 26150 | Orc:2    | Found a staircase to the Elven Halls.
 26378 | Orc:2    | Lost mutation: Armour fits poorly on your strangely shaped
                  | body. [potion of mutation]
 26378 | Orc:2    | Gained mutation: You have hidden genetic defects. [potion
                  | of mutation]
 26378 | Orc:2    | Gained mutation: You have sharp toenails. [potion of
                  | mutation]
 26378 | Orc:2    | Gained mutation: You have supernaturally acute eyesight.
                  | (SInv) [potion of mutation]
 26529 | Orc:2    | Identified the +8 demon whip "Igiuhato" {vamp, rN+}
                  | (Okawaru gifted it to you on level 2 of the Orcish Mines)
 26529 | Orc:2    | Received a gift from Okawaru
 26812 | Orc:2    | Found Zutud's Jewellery Boutique.
 26951 | Orc:2    | Found Utosiaw's Jewellery Shoppe.
 26951 | Orc:2    | Found Lenlant's Magic Scroll Shop.
 27001 | Orc:2    | Found Weidep's Magic Scroll Shoppe.
 27001 | Orc:2    | Found Baanuoppam's Assorted Antiques.
 27010 | Orc:2    | Bought a scroll of enchant weapon for 112 gold pieces
 27010 | Orc:2    | Bought a scroll of holy word for 112 gold pieces
 27010 | Orc:2    | Bought a scroll of teleportation for 45 gold pieces
 27010 | Orc:2    | Bought a scroll of teleportation for 45 gold pieces
 27010 | Orc:2    | Bought a scroll of silence for 112 gold pieces
 27010 | Orc:2    | Bought a scroll of identify for 30 gold pieces
 27010 | Orc:2    | Bought a scroll of identify for 30 gold pieces
 27010 | Orc:2    | Bought a scroll of blinking for 112 gold pieces
 27010 | Orc:2    | Bought a scroll of identify for 30 gold pieces
 27010 | Orc:2    | Bought a scroll of identify for 30 gold pieces
 27015 | Orc:2    | Reached skill level 15 in Maces & Flails
 27015 | Orc:2    | Reached XP level 17. HP: 111/111 MP: 25/25
 27017 | Orc:2    | Bought a scroll of acquirement for 1144 gold pieces
 27019 | Orc:2    | Acquired the +3 warlock's mirror {reflect}
 27019 | Orc:2    | Found the +3 warlock's mirror {reflect}
 27164 | Orc:2    | Found a shimmering blue altar of Sif Muna.
 27299 | Orc:1    | Gained mutation: You are occasionally teleported next to
                  | monsters. [hidden defects]
 27319 | Orc:1    | Lost mutation: You are occasionally teleported next to
                  | monsters. [potion of mutation]
 27319 | Orc:1    | Lost mutation: You have supernaturally acute eyesight.
                  | (SInv) [potion of mutation]
 27319 | Orc:1    | Gained mutation: You are clumsy. (Dex -2) [potion of
                  | mutation]
 27319 | Orc:1    | Gained mutation: You are frail. (-10% HP) [potion of
                  | mutation]
 27319 | Orc:1    | Gained mutation: You expend magic power (3 MP) to
                  | strengthen your wands. [potion of mutation]
 27321 | Orc:1    | Lost mutation: You have sharp toenails. [potion of
                  | mutation]
 27321 | Orc:1    | Lost mutation: You have hidden genetic defects. [potion of
                  | mutation]
 27321 | Orc:1    | Gained mutation: You possess an exceptional clarity of
                  | mind. [potion of mutation]
 27321 | Orc:1    | Gained mutation: Your flesh is cold resistant. (rC+)
                  | [potion of mutation]
 27347 | Orc:1    | Identified the +1 chain mail "Raco" {Will+ rCorr Int+4}
                  | (Okawaru gifted it to you on level 1 of the Orcish Mines)
 27347 | Orc:1    | Received a gift from Okawaru
 27440 | Orc:2    | Bought a scroll of enchant weapon for 97 gold pieces
 27440 | Orc:2    | Bought a scroll of enchant weapon for 97 gold pieces
 27440 | Orc:2    | Bought a scroll of teleportation for 39 gold pieces
 27440 | Orc:2    | Bought a scroll of identify for 26 gold pieces
 27577 | D:13     | Found a transporter.
 27581 | D:13     | Noticed onwiheg's ghost (journeyman MiFi)
 27591 | D:13     | Found a transporter.
 27670 | D:13     | Noticed Maurice
 27693 | D:13     | Killed Maurice
 27976 | D:13     | Noticed Josephine
 27987 | D:13     | Killed Josephine
 28307 | D:13     | Found a gate to the Vaults.
 28325 | D:13     | Noticed Azrael
 28346 | D:13     | Killed Azrael
 28728 | D:13     | Reached skill level 16 in Maces & Flails
 29023 | D:13     | Killed onwiheg's ghost
 29236 | D:14     | Reached skill level 15 in Shields
 29693 | D:14     | Received a gift from Okawaru
 29698 | D:14     | Reached XP level 18. HP: 105/105 MP: 24/27
 30101 | D:15     | Entered Level 15 of the Dungeon
 30107 | D:15     | Found a staircase to the Depths.
 30411 | D:14     | Received a gift from Okawaru
 31514 | Swamp:1  | Entered Level 1 of the Swamp
 31552 | Swamp:1  | Killed from afar by a thorn hunter

Illustrated notes

Levels and vault maps discovered:
D:1:      scummos_arrival_simple_fountains, layout_rooms, hex_tiny,
          chequers_big_river
D:2:      layout_loops_ring, basic_altar, minmay_misc_feat_secret_circle
D:3:      layout_basic, ebering_ecumenical_altar_rust, serial_shops,
          nicolae_shop_stone, kennysheep_generic_room_5
D:4:      layout_loops_ring, grunt_temple_overflow_gold_and_silver
D:5:      layout_loops_cross, uniq_grinder, uniq_pikel, uniq_sigmund
D:6:      layout_cave_pools, due_unseen_surprise, uniq_duvessa
D:7:      layout_basic, mainiacjoe_overflow_chevrons, minmay_temple_entry_ruins,
          nicolae_shop_gadgets
D:8:      layout_gridville, serial_shops, nicolae_shop_crystal,
          nicolae_ossuary_entry_false_entrances
D:9:      layout_roguey, general_overflow_altar, lemuel_crystal_altar,
          lair_entry_dummy, minmay_protected_statue, uniq_harold
D:10:     layout_cave_pools, lemuel_crystal_altar
D:11:     layout_irregular_city, serial_shops, kennysheep_mini
D:12:     hangedman_cross_cluster, layout_cave_pools,
          kennysheep_orc_monster_closet_entryway, lemuel_flamethrower_3,
          uniq_psyche
D:13:     layout_irregular_city, hangedman_vaults_entry_quadrant_bands,
          gammafunk_ghost_berserking_beasts, serial_undead, serial_undead_e,
          serial_undead_e, serial_undead_f, serial_undead_b, serial_undead_a,
          serial_undead_d, minmay_starry_boxes, uniq_azrael, uniq_josephine,
          uniq_maurice
D:14:     layout_irregular_city, infiniplex_staircase_diamond, amethyst_killhole
D:15:     gammafunk_depths_entry_grave, layout_loops_cross, bh_walls_and_bars
Temple:   eino_temple_rhombus
Lair:1:   layout_small_grid, serial_bayou_pond_b, grunt_megastairs_2
Lair:2:   regret_index_combs_of_tragedy, layout_big_grid,
          palyth_hydra_swamp_entry
Lair:3:   layout_roguey, spider_nest_entry_funnel_web, lemuel_fruit_fields
Lair:4:   layout_regular_city, gammafunk_ghost_split
Lair:5:   layout_long_grid, ebering_ghost_xom, hibernation_bobbens, uniq_rupert
Lair:6:   due_jungle_book, layout_regular_city, slime_altar_1,
          grunt_megastairs_1, serial_bayou_shore_a
Swamp:1:  layout_falls_marsh, evilmike_swamp_ruin_house_5, swamp_pool5,
          uniq_aizul
Orc:1:    layout_diamond_mine, serial_shops, shop, guppyfry_orc_lava_fort
Orc:2:    grunt_orc_tribal_feast, layout_diamond_mine,
          minmay_shop_enchanted_jewellery, kennysheep_orc_sif_temple

Skill      XL: |  1  2  3  4  5  6  7  8  9 10 11 12 13 14 15 16 17 |
---------------+----------------------------------------------------+-----
Maces & Flails | 3 4 6 7 9 10 12 13 14 15 16 | 16.0
Fighting       | 4 5 6 7 8 9 11 12 13 14 | 14.9
Shields        | 4 5 6 7 8 9 11 12 13 14 15 | 15.3
Armour         | 4 5 6 7 8 9 11 12 13 14 | 14.9
Invocations    | 6 9 10 11 12 | 12.9
Evocations     | 3 5 6 7 8 |  8.4

Action                   |  1- 3 |  4- 6 |  7- 9 | 10-12 | 13-15 | 16-18 || total
-------------------------+-------+-------+-------+-------+-------+-------++-------
Melee: Flail             |    18 |       |       |   506 |  1288 |       ||  1812
       Whip              |   114 |   230 |   478 |   523 |       |       ||  1345
       Eveningstar       |       |       |       |       |   128 |   139 ||   267
       Demon whip        |       |       |       |       |       |   905 ||   905
Invok: Finesse           |       |       |       |       |     5 |     3 ||     8
       Heroism           |       |       |       |       |     1 |     1 ||     2
Evoke: Wand              |       |       |       |       |     2 |       ||     2
  Use: Potion            |       |     1 |       |     1 |     7 |     6 ||    15
       Scroll            |       |       |       |    14 |    15 |    10 ||    39
 Stab: Petrifying        |       |       |       |       |       |     1 ||     1
Armor: Scale mail        |    53 |    80 |   116 |       |   534 |    42 ||   825
       Ring mail         |       |       |    42 |   420 |   144 |       ||   606
       Skin              |       |       |     2 |       |       |       ||     2
       Plate armour      |       |       |       |       |       |    79 ||    79
       Chain mail        |       |       |       |       |       |   343 ||   343
Dodge: Dodged            |    91 |   114 |   198 |   475 |   427 |   193 ||  1498
Block: Buckler           |    89 |   113 |   103 |    13 |       |   228 ||   546
       Reflection        |     1 |       |       |       |       |    24 ||    25
       Kite shield       |       |       |       |   493 |   686 |   187 ||  1366

Table legend: (Time is in decaauts)
 A = Elapsed time spent in this place.
 B = Non-inter-level travel time spent in this place.
 C = Inter-level travel time spent in this place.
 D = Time resting spent in this place.
 E = Time spent auto-exploring this place.
 F = Levels seen in this place.
 G = Mean time per level.
                   A        B        C        D        E       F      G
               +--------+--------+--------+--------+--------+-----+--------+
         Total |  30527 |  28803 |   1724 |   1205 |  21205 |  26 | 1174.1 |
       Dungeon |  17635 |  16548 |   1087 |    849 |  12083 |  15 | 1175.7 |
        Temple |    159 |    143 |     16 |      0 |    130 |   1 |  159.0 |
          Lair |  10136 |   9776 |    360 |    356 |   7477 |   6 | 1689.3 |
         Swamp |     22 |     22 |      0 |      0 |      0 |   1 |   22.0 |
  Orcish Mines |   2271 |   2011 |    260 |      0 |   1415 |   2 | 1135.5 |
       Ossuary |    302 |    302 |      0 |      0 |    100 |   1 |  302.0 |
               +--------+--------+--------+--------+--------+-----+--------+

Top non-repeatable levels by time:
  Lair:6: 2979 daAuts
  Lair:1: 1632 daAuts
  Lair:2: 1617 daAuts
  Lair:4: 1603 daAuts
     D:5: 1592 daAuts
     D:3: 1518 daAuts
    D:13: 1454 daAuts
     D:4: 1432 daAuts
     D:9: 1430 daAuts
    D:11: 1379 daAuts
  Lair:5: 1302 daAuts
   Orc:2: 1209 daAuts
    D:12: 1179 daAuts
     D:8: 1123 daAuts
    D:10: 1076 daAuts
